 Dungeon Crawl Stone Soup version 0.22-a0-292-g0df9d5f (webtiles) character file.

399 Mgcat the Insei (level 6, -5/44 HPs)
             Began as an Octopode Transmuter on Mar 23, 2018.
             Was an Initiate of Cheibriados.
             Shot with an arrow by a centaur (11 damage)
             ... on level 5 of the Dungeon.
             The game lasted 00:11:25 (3806 turns).

Mgcat the Insei (Octopode Transmuter)               Turns: 3806, Time: 00:11:26

Health: -5/44      AC:  1    Str: 13    XL:     6   Next: 84%
Magic:  9/9        EV: 13    Int: 16    God:    Cheibriados [......]
Gold:   239        SH:  0    Dex: 13    Spells: 3/9 levels left

rFire    . . .     SeeInvis .     - Unarmed
rCold    . . .     Gourm    .   (no shield)
rNeg     . . .     Faith    .   (helmet restricted)
rPois    .         Spirit   .   (no amulet)
rElec    .         Reflect  .   r - ring of flight {+Fly, !d}
rCorr    .         Harm     .   (no ring)
MR       .....                  (no ring)
Stlth    ++........             (no ring)
HPRegen  0.14/turn              (no ring)
MPRegen  0.11/turn              (no ring)
                                (no ring)
                                (no ring)

@: appendage (expiring), very slow
A: almost no armour, stealthy swim, amphibious, 8 rings, constrict 8, tentacle
spike 3, camouflage 1, gelatinous body 1
a: End Transformation, Bend Time, Renounce Religion, Evoke Flight


You were on level 5 of the Dungeon.
You worshipped Cheibriados.
Cheibriados was noncommittal.
You were not hungry.
One of your tentacles had a temporary spike.
You visited 2 branches of the dungeon, and saw 6 of its levels.

You collected 239 gold pieces.

Inventory:

Missiles
 a - 79 arrows
Jewellery
 r - a ring of flight (left tentacle) {+Fly, !d}
   (You found it on level 4 of the Dungeon)
Wands
 j - a wand of iceblast (7)
   (You found it on level 2 of the Dungeon)
Scrolls
 d - 3 scrolls of amnesia
 f - 3 scrolls of identify
 h - 2 scrolls of teleportation
 l - 2 scrolls of remove curse
 m - 2 scrolls of blinking {unknown}
 s - a scroll of noise {unknown}
 u - a scroll of fog
Potions
 b - a potion of ambrosia {unknown}
 e - 4 potions of curing
 g - 2 potions of degeneration {unknown}
 i - 2 potions of agility {unknown}
 k - a potion of haste {unknown}
 n - a potion of brilliance {unknown}
 o - a potion of might {unknown}
 p - 2 potions of berserk rage {unknown}
 q - a potion of lignification {unknown}
Comestibles
 c - 12 rations
 t - 2 chunks of flesh {@w0}


   Skills:
 + Level 4.7 Fighting
 - Level 2.0 Dodging
 + Level 0.2 Stealth
 + Level 5.6 Unarmed Combat
 - Level 2.0 Spellcasting
 - Level 2.0 Transmutations


You had 3 spell levels left.
You knew the following spells:

 Your Spells              Type           Power        Failure   Level  Hunger
a - Beastly Appendage     Tmut           #.....       9%          1    #......
b - Sticks to Snakes      Tmut           #.......     14%         2    ###....
c - Spider Form           Tmut/Pois      #.........   38%         3    ###....


Dungeon Overview and Level Annotations

Branches:
Dungeon (5/15)             Temple (1/1) D:4

Altars:
Ashenzari
Cheibriados
Dithmenos
Elyvilon
Fedhas
Gozag
Hepliaklqana
Kikubaaqudgha
Makhleb
Nemelex Xobeh
Qazlal
Ru
Sif Muna
Trog
Uskayaw
Vehumet
Wu Jian
Yredelemnul
Zin
The Shining One


Innate Abilities, Weirdness & Mutations

You cannot wear most types of armour.
You are very stealthy in the water. (Stealth+)
You are amphibious.
You can wear up to eight rings at the same time.
You can use your tentacles to constrict eight enemies at once.
Your skin changes colour to match your surroundings (Stealth+).
Your rubbery body absorbs attacks. (AC +1, EV +1)
One of your tentacles bears a large vicious spike.


Message History

You constrict the jackal, but do no damage.
The jackal closely misses you.
You bludgeon the jackal!
You kill the jackal!
Cheibriados thoroughly appreciates the change of pace.
You see here a jackal corpse.
You butcher the jackal corpse.
Your tentacle spike disappears.
t - 4 chunks of flesh {@w0} (gained 2)
You swap places.
HP restored.
You swap places.
Magic restored.
Your adder withers and dies!
c - 10 rations (gained 1)
You now have 220 gold pieces (gained 9).
c - 11 rations (gained 1)
d - 3 scrolls of amnesia (gained 1)
A centaur comes into view.
A centaur is nearby!
Casting: Beastly Appendage (safe; 9% risk of failure)
Confirm with . or Enter, or press ? or * to list all spells.
One of your tentacles grows a vicious spike.
Your transformation is almost over.
The helpless centaur fails to defend itself.
You tentacle-slap the centaur.
The centaur is moderately wounded.
The centaur barely misses you.
You tentacle-slap the centaur.
You pierce the centaur, but do no damage.
You squeeze the centaur!
The centaur is severely wounded.
The centaur closely misses you.
You completely miss the centaur.
The centaur is severely wounded.
The centaur hits you but does no damage.
The centaur hits you!
You barely miss the centaur.
You pierce the centaur, but do no damage.
The centaur is severely wounded.
The centaur hits you.
You tentacle-slap the centaur but do no damage.
You pierce the centaur, but do no damage.
You squeeze the centaur.
The centaur is almost dead.
The centaur hits you.
You tentacle-slap the centaur.
You kill the centaur!
Cheibriados thoroughly appreciates the change of pace.
a - 79 arrows (gained 23)
You see here a shortbow.
Your tentacle spike disappears.
c - 12 rations (gained 1)
A leopard gecko skeleton comes into view.
Casting: Beastly Appendage (safe; 9% risk of failure)
Confirm with . or Enter, or press ? or * to list all spells.
One of your tentacles grows a vicious spike.
The leopard gecko skeleton barely misses you.
You tentacle-slap the leopard gecko skeleton.
You grab the leopard gecko skeleton.
You destroy the leopard gecko skeleton!
Cheibriados appreciates the change of pace.
No target in view!
No target in view!
Your transformation is almost over.
Eating one of 4 chunks of flesh {@w0}.
You eat one of the 4 chunks of flesh {@w0}.
This raw flesh tastes terrible.
Your tentacle spike disappears.
You now have 230 gold pieces (gained 10).
You now have 239 gold pieces (gained 9).
Some of the chunks of flesh in your inventory have rotted away.
u - a scroll of fog You see here a chain mail.
A crimson imp comes into view.
Casting: Beastly Appendage (safe; 9% risk of failure)
Confirm with . or Enter, or press ? or * to list all spells.
One of your tentacles grows a vicious spike.
An adder comes into view.
Your transformation is almost over.
The crimson imp shouts!
The adder hisses angrily.
A centaur comes into view.
The centaur shouts!
You tentacle-slap the adder. You grab the adder.
You kill the adder!
Cheibriados thoroughly appreciates the change of pace.
The centaur wields a shortbow.
The centaur shoots an arrow.
The arrow hits you!
An adder zombie comes into view.
The centaur shoots an arrow.
The arrow barely misses you. The crimson imp hits you.
The centaur shoots an arrow.
The arrow hits you!
Things that are here:
2 arrows; an adder corpse The crimson imp hits you.
* * * LOW HITPOINT WARNING * * *
The crimson imp hits you.
* * * LOW HITPOINT WARNING * * *
The centaur shoots an arrow.
The arrow hits you.
* * * LOW HITPOINT WARNING * * *
The centaur shoots an arrow.
The arrow hits you!
You die...

#.#.#.Z#
......##.#
...... ..
#..#.# .# #
#..c.# .#
#.##.#.# .#
#..5((.##.#
#.##....#.#
#..@..#...#
####....###
#.#[##
#.#.# #.#.#
#.#.#
######.#.#
#........#
#.####.###


You could see a centaur.

Vanquished Creatures
  A centaur (D:5)
  A howler monkey (D:5)
  An orc wizard (D:3)
  A worker ant (D:4)
  13 adders
  An ooze (D:3)
  An adder skeleton (D:4)
  A worm (D:3)
  A dart slug (D:4)
  4 leopard geckos
  5 orcs (D:3)
  4 giant cockroaches
  7 goblins
  10 hobgoblins
  6 jackals
  13 kobolds
  A quokka (D:3)
  2 ball pythons
  8 bats
  6 frilled lizards
  A leopard gecko skeleton (D:5)
  7 rats
95 creatures vanquished.

Notes
Turn   | Place    | Note
-------+----------+-------------------------------------------
     0 | D:1      | Mgcat the Octopode Transmuter began the quest for the Orb.
     0 | D:1      | Reached XP level 1. HP: 13/13 MP: 3/3
   315 | D:1      | Reached XP level 2. HP: 16/18 MP: 3/5
   579 | D:2      | Reached skill level 2 in Fighting
   592 | D:2      | HP: 2/19 [hobgoblin/club (4)]
   810 | D:2      | Reached XP level 3. HP: 13/24 MP: 4/6
   990 | D:2      | Found an opulent altar of Gozag.
  1053 | D:2      | Found a burning altar of Makhleb.
  1258 | D:2      | Reached skill level 4 in Unarmed Combat
  1258 | D:2      | Reached XP level 4. HP: 23/30 MP: 5/7
  1429 | D:2      | Found a bloodstained altar of Trog.
  1600 | D:3      | Learned a level 2 spell: Sticks to Snakes
  1604 | D:3      | Learned a level 3 spell: Spider Form
  1711 | D:3      | Reached skill level 3 in Fighting
  2124 | D:3      | Reached XP level 5. HP: 23/36 MP: 6/8
  2156 | D:3      | HP: 8/36 [orc wizard/puff of flame (6)]
  2159 | D:3      | HP: 2/36 [adder (3)]
  2164 | D:3      | HP: 7/36 [poisoned by an adder]
  2172 | D:3      | HP: 6/36 [poisoned by an adder]
  2880 | D:4      | Reached skill level 4 in Fighting
  2880 | D:4      | Reached skill level 5 in Unarmed Combat
  2967 | D:4      | Reached XP level 6. HP: 43/43 MP: 9/9
  3222 | D:4      | Found a staircase to the Ecumenical Temple.
  3244 | Temple   | Entered the Ecumenical Temple
  3300 | Temple   | Became a worshipper of Cheibriados the Contemplative
  3438 | D:4      | Found a sacrificial altar of Ru.
  3551 | D:5      | Entered Level 5 of the Dungeon
  3805 | D:5      | HP: 10/44 [crimson imp (4)]
  3806 | D:5      | Shot with an arrow by a centaur

Vault maps used:
D:1:      minmay_arrival_arboretum_small
D:2:      lemuel_crystal_altar, lemuel_coloured_pillars_altar,
          nicolae_gozag_seed_capital
D:3:      corexii_shack_village, supply_closet_lemuel
D:4:      nicolae_ru_the_path_less_chosen, minmay_temple_entry_junction_2
D:5:      first_ration, uniq_crazy_yiuf_cottage
Temple:   lightli_temple_of_artemis

Skill      XL: |  1  2  3  4  5 |
---------------+----------------+-----
Fighting       | 2 3 4 |  4.7
Unarmed Combat | 4 5 |  5.6
Dodging        | |  2.0
Stealth        | |  0.2
Spellcasting   | |  2.0
Transmutations | |  2.0

Action                   |  1- 3 |  4- 6 || total
-------------------------+-------+-------++-------
Melee: Unarmed           |    85 |   126 ||   211
       Tentacles         |    12 |    26 ||    38
       Constrict         |    26 |    40 ||    66
       Kick              |    13 |    32 ||    45
       Punch             |     2 |       ||     2
 Cast: Beastly Appendage |    18 |    33 ||    51
       Sticks to Snakes  |       |     1 ||     1
  Use: Scroll            |     4 |     2 ||     6
       Potion            |       |     1 ||     1
 Stab: Sleeping          |     3 |     3 ||     6
  Eat: Chunk             |     2 |     9 ||    11
Armor: Skin              |    11 |    10 ||    21
Dodge: Dodged            |    66 |    79 ||   145

Table legend:
 A = Spawn XP
 B = Non-spawn XP
 C = Spawn XP percentage of total XP
 D = Spawn monster count
 E = Non-spawn monster count
 F = Spawn count percentage of total count
 G = Total turns spent on level
                    A         B        C        D         E        F      G
               +---------+---------+-------+---------+---------+-------+---------
         Total |       0 |     571 |   0.0 |       0 |      95 |   0.0 |  3806
               +---------+---------+-------+---------+---------+-------+---------
           D:1 |       0 |      25 |   0.0 |       0 |      16 |   0.0 |   704
           D:2 |       0 |      67 |   0.0 |       0 |      20 |   0.0 |   877
           D:3 |       0 |     193 |   0.0 |       0 |      40 |   0.0 |  1229
           D:4 |       0 |      97 |   0.0 |       0 |      12 |   0.0 |   670
           D:5 |       0 |     189 |   0.0 |       0 |       7 |   0.0 |   255
               +---------+---------+-------+---------+---------+-------+---------

Vault maps used:
D:1:      minmay_arrival_arboretum_small
D:2:      lemuel_crystal_altar, lemuel_coloured_pillars_altar,
          nicolae_gozag_seed_capital
D:3:      corexii_shack_village, supply_closet_lemuel
D:4:      nicolae_ru_the_path_less_chosen, minmay_temple_entry_junction_2
D:5:      first_ration, uniq_crazy_yiuf_cottage
Temple:   lightli_temple_of_artemis

Table legend:
 A = Turns spent in this place as a percentage of turns spent in the entire game.
 B = Non-inter-level travel turns spent in this place as a percentage of non-inter-level travel turns spent in the entire game.
 C = Inter-level travel turns spent in this place as a percentage of turns spent in this place.
 D = Turns resting spent in this place as a percentage of non-inter-level travel turns spent in this place.
 E = Turns spent auto-exploring this place as a percentage of non-inter-level travel turns spent in this place.
 F = Non-inter-level travel turns spent in this place divided by the number of levels of this place that you've seen.
                   A       B       C       D       E      F
               +-------+-------+-------+-------+-------+----------------------
         Total | 100.0 | 100.0 |   1.9 |   0.0 |  78.6 | 622.2
       Dungeon |  98.1 |  98.1 |   2.0 |   0.0 |  80.1 | 732.4
        Temple |   1.9 |   1.9 |   0.0 |   0.0 |   0.0 |  71.0
               +-------+-------+-------+-------+-------+----------------------

Table legend:
 A = Kills in this place as a percentage of kills in entire the game.
 B = Kills by you in this place as a percentage of kills by you in the entire game.
 C = Kills by friends in this place as a percentage of kills by friends in the entire game.
 D = Other kills in this place as a percentage of other kills in the entire game.
 E = Experience gained in this place as a percentage of experience gained in the entire game.
 F = Experience gained in this place divided by the number of levels of this place that you have seen.
                   A       B       C       D       E      F
               +-------+-------+-------+-------+-------+----------------------
         Total | 100.0 | 100.0 |   N/A |   N/A | 100.0 |  95.2
       Dungeon | 100.0 | 100.0 |   N/A |   N/A | 100.0 | 114.2
               +-------+-------+-------+-------+-------+----------------------
